 Dungeon Crawl Stone Soup version 0.24-a0-441-g27f0392 (webtiles) character file.

Game seed: 2483485429400060523

1365 r3xj the Chopper (level 8, -5/62 HPs)
             Began as a Human Fighter on June 20, 2019.
             Slain by Joseph
             ... wielding a +0 quarterstaff of crushing
              (15 damage)
             ... on level 7 of the Dungeon.
             The game lasted 00:10:32 (6190 turns).

r3xj the Chopper (Human Fighter)                    Turns: 6190, Time: 00:10:32

Health: -5/62      AC: 13    Str: 17    XL:     8   Next: 97%
Magic:  8/8        EV:  3    Int: 10    God:
Gold:   258        SH:  9    Dex: 13    Spells: 7/7 levels left

rFire    . . .     SeeInvis .   E - +3 hand axe
rCold    . . .     Gourm    .   c - +0 shield
rNeg     . . .     Faith    .   q - +0 plate armour
rPois    +         Spirit   .   (no helmet)
rElec    .         Reflect  .   (no cloak)
rCorr    .         Harm     .   x - +0 pair of gloves
MR       .....                  (no boots)
Stlth    ..........             (no amulet)
HPRegen  0.20/turn              e - ring of poison resistance
MPRegen  0.11/turn              (no ring)

@: no status effects
A: no striking features
a: no special abilities


You were on level 7 of the Dungeon.
You were not hungry.

You visited 1 branch of the dungeon, and saw 7 of its levels.

You collected 258 gold pieces.

Inventory:

Hand Weapons
 a - a +0 war axe
 E - a +3 hand axe (weapon)
Missiles
 p - a curare-tipped dart (quivered)
Armour
 b - a +0 scale mail
 c - a +0 shield (worn)
 q - a +0 plate armour (worn)
 x - a +0 pair of gloves (worn)
Jewellery
 e - a ring of poison resistance (left hand)
 g - an uncursed ring of protection from fire
 u - a cursed ring of attention {unknown}
 y - a +4 ring of strength {unknown}
Wands
 A - a wand of paralysis (8)
 F - a wand of digging (6)
Scrolls
 i - 3 scrolls of remove curse
 j - a scroll of enchant armour {unknown}
 m - 4 scrolls of teleportation {unknown}
 r - 3 scrolls of amnesia {unknown}
 s - a scroll of enchant weapon {unknown}
 t - 3 scrolls of random uselessness {unknown}
 v - a scroll of noise {unknown}
 B - a scroll of identify {unknown}
Potions
 d - a potion of might
 h - 2 potions of ambrosia {unknown}
 k - a potion of heal wounds {unknown}
 l - a potion of haste {unknown}
 n - a potion of mutation {unknown}
 o - 2 potions of magic {unknown}
 w - a potion of curing {unknown}
 z - 2 potions of lignification {unknown}
 C - a potion of berserk rage {unknown}
 D - 2 potions of flight {unknown}
 H - a potion of degeneration {unknown}
Comestibles
 f - 5 rations
 G - 3 chunks of flesh


   Skills:
 - Level 5.0 Fighting
 + Level 7.8 Axes
 - Level 5.0 Armour
 - Level 5.0 Shields


You had 7 spell levels left.
You didn't know any spells.
Your spell library contained the following spells:

 Spells                   Type           Power        Failure   Level  Hunger
 Beastly Appendage        Tmut           #.....       100%        1    ##.....
 Summon Small Mammal      Summ           #...         100%        1    ##.....
 Call Imp                 Summ           #.......     100%        2    ###....
 Sticks to Snakes         Tmut           #.......     100%        2    ###....
 Call Canine Familiar     Summ           #.......     100%        3    ####...
 Spider Form              Tmut/Pois      #.........   100%        3    ####...
 Summon Guardian Golem    Hex/Summ       #.......     100%        3    ####...
 Ice Form                 Ice/Tmut       #.......     100%        4    #####..
 Summon Ice Beast         Ice/Summ       #.......     100%        4    #####..
 Summon Lightning Spire   Summ/Air       #.......     100%        4    #####..
 Blade Hands              Tmut           #.........   100%        5    ######.


Dungeon Overview and Level Annotations

Branches:
Dungeon (7/15)
 Temple: D:4-7

Altars:
Dithmenos
Makhleb

Shops:
D:5 %

Annotations:
D:7 Joseph


Message History

You are too injured to fight recklessly!
You are too injured to fight recklessly!
You are too injured to fight recklessly!
You are too injured to fight recklessly!
You hit Joseph.
Joseph is heavily wounded.
Joseph hits you with a +0 quarterstaff of crushing.
You hit Joseph.
Joseph is heavily wounded.
Joseph hits you with a +0 quarterstaff of crushing!
* * * LOW HITPOINT WARNING * * *
x2 You slash Joseph!
Joseph is severely wounded.
Joseph says, "I'm happy to see you. And I'll be happy to kill you."
Joseph hits you with a +0 quarterstaff of crushing.
* * * LOW HITPOINT WARNING * * *
x2 You barely miss Joseph.
Joseph is severely wounded.
Joseph hits you with a +0 quarterstaff of crushing!
You die...

. # . .# ###.#. #..
. #############.#.#
#..........##.#.####
####.<..[(.(.....$.#
#########.@#....
#..@....# #.#.......
....##.##. .#:### #
.##.# .. #.# .# #.#


You could see Joseph.

Vanquished Creatures
  Duvessa (D:5)
  3 ogres
  A crocodile (D:4)
  2 bullfrogs (D:6)
  Dowan (D:5)
  A bullfrog zombie (D:5)
  2 crimson imps (D:5)
  A hound (D:4)
  4 orc priests (D:5)
  2 jellies (D:6)
  A centaur skeleton (D:4)
  4 orc wizards (D:3)
  3 worker ants
  A howler monkey skeleton (D:6)
  A howler monkey zombie (D:6)
  8 adders
  4 oozes
  An adder skeleton (D:5)
  A worm (D:3)
  3 dart slugs
  3 leopard geckos
  13 orcs
  6 giant cockroaches
  14 goblins
  11 hobgoblins
  3 quokkas (D:2)
  A ball python (D:2)
  10 bats
  7 frilled lizards
  7 kobolds
  10 rats
130 creatures vanquished.

Notes
Turn   | Place    | Note
-------+----------+-------------------------------------------
     0 | D:1      | r3xj the Human Fighter began the quest for the Orb.
     0 | D:1      | Reached XP level 1. HP: 18/18 MP: 1/1
    38 | D:1      | Reached XP level 2. HP: 22/24 MP: 2/2
   148 | D:1      | Reached XP level 3. HP: 17/29 MP: 3/3
   996 | D:2      | Reached XP level 4. HP: 35/35 MP: 4/4
  1796 | D:3      | Reached XP level 5. HP: 38/41 MP: 5/5
  1808 | D:3      | Reached skill level 3 in Axes
  2342 | D:3      | Reached XP level 6. HP: 39/48 MP: 6/6
  2983 | D:4      | Noticed an ogre
  2993 | D:4      | Killed an ogre
  2993 | D:4      | Reached XP level 7. HP: 13/55 MP: 7/7
  3660 | D:4      | Reached skill level 4 in Axes
  4287 | D:5      | Entered Level 5 of the Dungeon
  4347 | D:5      | Reached skill level 5 in Fighting
  4347 | D:5      | Reached skill level 5 in Shields
  4563 | D:5      | Reached skill level 5 in Armour
  4563 | D:5      | Reached XP level 8. HP: 59/62 MP: 8/8
  4648 | D:5      | Reached skill level 5 in Axes
  5105 | D:5      | Noticed Dowan
  5114 | D:5      | Killed Dowan
  5119 | D:5      | Noticed Duvessa
  5153 | D:5      | Killed Duvessa
  5153 | D:5      | Reached skill level 6 in Axes
  5367 | D:5      | Found Nogaiju's Food Emporium.
  5695 | D:6      | Found a burning altar of Makhleb.
  5720 | D:6      | Found a shadowy altar of Dithmenos.
  5735 | D:6      | Reached skill level 7 in Axes
  6167 | D:7      | Noticed Joseph
  6190 | D:7      | Slain by Joseph

Levels and vault maps discovered:
D:1:      psy_arrival_terrarium, layout_basic, chequers_hall_statues_wall_a,
          chequers_serial_rivers_micro_a
D:2:      wander_river, layout_basic, minmay_pentomino_u2
D:3:      layout_basic, minmay_goblin_outpost
D:4:      layout_gridville, first_ration, item_on_display_a
D:5:      layout_rooms, serial_shops, shop, uniq_duvessa
D:6:      layout_basic, nicolae_dithmenos_shadow_blocks, basic_altar
D:7:      layout_rooms, grunt_temple_overflow_open,
          minmay_temple_entry_statues_fountains, uniq_joseph, uniq_harold

Skill      XL: |  1  2  3  4  5  6  7  8 |
---------------+-------------------------+-----
Axes           | 3 4 7 |  7.8
Fighting       | 4 5 |  5.0
Armour         | 4 5 |  5.0
Shields        | 4 5 |  5.0

Action                   |  1- 3 |  4- 6 |  7- 9 || total
-------------------------+-------+-------+-------++-------
Melee: War axe           |    90 |   214 |   177 ||   481
       Hand axe          |       |       |    77 ||    77
Throw: Dart              |       |     2 |     5 ||     7
  Use: Scroll            |       |     1 |       ||     1
  Eat: Chunk             |       |     7 |     4 ||    11
       Ration            |       |       |     2 ||     2
Armor: Scale mail        |    58 |    26 |       ||    84
       Plate armour      |       |   161 |   162 ||   323
Dodge: Dodged            |    30 |    37 |    26 ||    93
Block: Shield            |    56 |   150 |   125 ||   331

Table legend:
 A = Non-vault XP
 B = Vault XP
 C = Vault XP percentage of total XP
 D = Non-vault monster count
 E = Vault monster count
 F = Vault count percentage of total count
                 A         B        C        D         E       F
            +---------+---------+-------+---------+---------+-------
      Total |    1717 |     233 |  11.9 |     121 |       9 |   6.9
            +---------+---------+-------+---------+---------+-------
        D:1 |      59 |       0 |   0.0 |      28 |       0 |   0.0
        D:2 |      62 |       2 |   3.1 |      20 |       1 |   4.8
        D:3 |     270 |      12 |   4.3 |      38 |       6 |  13.6
        D:4 |     372 |       0 |   0.0 |       6 |       0 |   0.0
        D:5 |     465 |     219 |  32.0 |      16 |       2 |  11.1
        D:6 |     476 |       0 |   0.0 |      12 |       0 |   0.0
        D:7 |      13 |       0 |   0.0 |       1 |       0 |   0.0
            +---------+---------+-------+---------+---------+-------
